 Seeded DCSS version 0.27.1-35-g4d5d836560 (webtiles) character file.

Game seed: 20220413 (custom seed)

14 ty64800 the Sneak (level 2, 0/24 HPs)
             Began as a Deep Dwarf Venom Mage on Apr 13, 2022.
             Slain by a hobgoblin (4 damage)
             ... on level 1 of the Dungeon.
             The game lasted 00:10:17 (347 turns).

ty64800 the Sneak (Deep Dwarf Venom Mage)            Turns: 347, Time: 00:10:18

Health: 0/24       AC:  0    Str: 11    XL:     2   Next: 31%
Magic:  3/4        EV: 12    Int: 15    God:
Gold:   24         SH:  0    Dex: 13    Spells: 3/4 levels left

rFire    . . .     SeeInvis .   (no weapon)
rCold    . . .     Faith    .   (no shield)
rNeg     . . .     Spirit   .   (no armour)
rPois    .         Reflect  .   (no helmet)
rElec    .         Harm     .   (no cloak)
rCorr    .         Rampage  .   (no gloves)
Will     .....                  (no boots)
Stlth    ++........             (no amulet)
HPRegen  0.00/turn              (no ring)
MPRegen  0.09/turn              (no ring)

@: lethally poisoned (0 -> 0)
A: damage resistance, heal wounds, sense surroundings 1, no regeneration
a: Heal Wounds


You were on level 1 of the Dungeon.
You visited 1 branch of the dungeon, and saw 1 of its levels.

You collected 24 gold pieces.

Inventory:

Potions
 a - a potion of cancellation {unknown}


   Skills:
 + Level 0.3 Fighting
 + Level 0.2 Short Blades
 + Level 2.6 Dodging
 + Level 2.7 Stealth
 + Level 1.7 Spellcasting
 + Level 0.8 Transmutations
 + Level 2.6 Poison Magic


You had 3 spell levels left.
You knew the following spells:

 Your Spells              Type           Power      Damage    Failure   Level
a - Sting                 Tmut/Pois      24%        1d4       11%         1

Your spell library contained the following spells:

 Spells                   Type           Power      Damage    Failure   Level
 Poisonous Vapours        Pois/Air       10%        N/A       21%         2
 Mephitic Cloud           Conj/Pois/Air  3%         N/A       43%         3
 Olgreb's Toxic Radiance  Pois           9%         N/A       61%         4


Dungeon Overview and Level Annotations

Branches:
Dungeon (1/15)

Altars:
Lugonu

Portals:
Abyss: D:1


Innate Abilities, Weirdness & Mutations

You are resistant to damage.
You can heal yourself by infusing magical energy.
You passively map a small area around you.
You do not regenerate.


Message History

You barely miss the hobgoblin.
The hobgoblin is moderately wounded.
The hobgoblin barely misses you.
You hit the hobgoblin.
The hobgoblin is almost dead.
The hobgoblin closely misses you.
You hit the hobgoblin but do no damage.
The hobgoblin is almost dead.
The hobgoblin barely misses you.
You hit the hobgoblin.
You kill the hobgoblin!
You see here a frilled lizard skeleton.
A hobgoblin comes into view.
The hobgoblin shouts!
The hobgoblin moves out of view.
Aiming: Sting (safe; 11% risk of failure)
Press: ? - help, Q - select action, (/) - cycle Shift-Dir - straight line, f - you That beam is likely to hit you.
Continue anyway? [Y]es or [N]o only, please.
That beam is likely to hit you.
Continue anyway? [Y]es or [N]o only, please.
That beam is likely to hit you.
Continue anyway? [Y]es or [N]o only, please.
That beam is likely to hit you.
Continue anyway? [Y]es or [N]o only, please.
That beam is likely to hit you.
Continue anyway? [Y]es or [N]o only, please.
That beam is likely to hit you.
Continue anyway? [Y]es or [N]o only, please.
That beam is likely to hit you.
Continue anyway? [Y]es or [N]o only, please.
That beam is likely to hit you.
Continue anyway? [Y]es or [N]o only, please.
That beam is likely to hit you.
Continue anyway?
Uppercase [Y]es or [N]o only, please.
That beam is likely to hit you.
Continue anyway?
The sting hits you.
You are poisoned.
The hobgoblin hits you.
You die...

..⌠...♣...♣...♣.....♣.♣.. *
.....♣.......♣♣..♣..♣*. * , *
*#....♣♣..♣...♣..♣..♣.♣, 5
*#....♣...♣♣.[♣.♣.♣♣.* *
l#####.....♣......♣..♣.♣ * *
s#.#.8......♣♣......♣♣.♣ , *
s#.')......÷....♣...♣.♣♣ *, *
s#.'...†..♣♣..♣..♣.÷.♣.♣♣♣♣♣♣
s#.#.8.........♣@..♣..♣[..♣.♣♣
5#####...♣...♣.g.....♣.♣♣♣.♣.♣♣♣
5 ##..♣♣....♣♣...♣♣...♣.♣.♣♣..♣
####..♣...♣....♣....♣♣.♣♣.♣♣..♣♣
...........♣.....♣♣...♣♣.♣..♣.<♣
######♣♣♣♣♣♣♣♣♣♣♣♣♣♣♣♣♣♣♣♣♣♣♣♣♣♣
** * * * * * ** * , *,* ,* , , *
, * * * * * *


You could see a hobgoblin.

Vanquished Creatures
  A dart slug (D:1)
  2 endoplasms (D:1)
  A hobgoblin (D:1)
  2 jackals (D:1)
  2 kobolds (D:1)
  A quokka (D:1)
  A bat (D:1)
  A frilled lizard (D:1)
11 creatures vanquished.

Notes
Turn   | Place    | Note
-------+----------+-------------------------------------------
     0 | D:1      | ty64800 the Deep Dwarf Venom Mage began the quest for the
                  | Orb.
     0 | D:1      | Reached XP level 1. HP: 15/15 MP: 3/3
   105 | D:1      | Reached XP level 2. HP: 1/24 MP: 4/4
   207 | D:1      | Found a one-way gate to the infinite horrors of the Abyss.
   207 | D:1      | Found a corrupted altar of Lugonu.
   207 | D:1      | Noticed a demonic crawler
   207 | D:1      | Noticed a demonic crawler
   207 | D:1      | Noticed a demonic crawler
   209 | D:1      | Noticed a demonic crawler
   347 | D:1      | Slain by a hobgoblin

Illustrated notes

Levels and vault maps discovered:
D:1:      erik_arrival_cave_to_civilisation [erik_arrival_cave_to_temple],
          layout_loops_ring, minmay_cut_off

Action                   || total
-------------------------++-------
Melee: Dagger            ||    30
       Unarmed           ||    61
 Cast: Sting             ||     2
 Abil: Heal Wounds       ||     1
Armor: Robe              ||    11
Dodge: Dodged            ||    78
